 Dungeon Crawl Stone Soup version 0.29.0-5-ge4962eb29e (webtiles) character file.

Game seed: 14603479082142770707

23 Flugkiller the Covered (level 2, 27/27 HPs)
             Began as a Minotaur Fighter on Aug 28, 2022.
             Was a Plaything of Xom.
             Quit the game on level 1 of the Dungeon.
             The game lasted 00:00:20 (685 turns).

Flugkiller the Covered (Minotaur Fighter)            Turns: 685, Time: 00:00:20

Health: 27/27      AC:  7    Str: 20    XL:     2   Next: 75%
Magic:  1/1        EV:  9    Int:  5    God:    Xom [..*...]
Gold:   43         SH:  4    Dex:  9    Spells: 1/1 levels left

rFire   . . .      SeeInvis .   a - +0 war axe
rCold   . . .      Faith    .   c - +0 buckler
rNeg    . . .      Spirit   .   b - +0 scale mail
rPois   .          Reflect  .   (helmet restricted)
rElec   .          Harm     .   (no cloak)
rCorr   .          Rampage  .   (no gloves)
Will    .....                   (no boots)
Stlth   ..........              (no amulet)
HPRegen 0.09/turn               (no ring)
MPRegen 0.07/turn               (no ring)

@: no status effects
A: horns 2, retaliatory headbutt
a: Renounce Religion


You were on level 1 of the Dungeon.
You worshipped Xom.
You were a toy of Xom.
You visited 1 branch of the dungeon, and saw 1 of its levels.

You collected 43 gold pieces.

Inventory:

Hand Weapons
 a - a +0 war axe (weapon)
Armour
 b - a +0 scale mail (worn)
 c - a +0 buckler (worn)
Scrolls
 e - 2 scrolls of noise {unknown}
 f - a scroll of fog {unknown}
 g - a scroll of magic mapping {unknown}
 h - a scroll of vulnerability {unknown}
Potions
 d - a potion of might


   Skills:
 + Level 4.0 Fighting
 * Level 3.3 Axes
 + Level 4.0 Armour
 - Level 3.6 Shields


You had one spell level left.
You didn't know any spells.
Your spell library was empty.

Dungeon Overview and Level Annotations

Branches:
Dungeon (1/15)

Altars:
Xom


Innate Abilities, Weirdness & Mutations

You have a pair of horns on your head.
You reflexively headbutt those who attack you in melee.


Message History

The jackal is lightly wounded.
You closely miss the jackal. You closely miss the kobold.
The jackal bites you but does no damage.
The jackal closely misses you.
The jackal bites you but does no damage.
The kobold hits you but does no damage.
The jackal bites you but does no damage.
You hit the jackal.
The jackal is almost dead.
You miss the kobold. You hit the jackal.
You kill the jackal!
The jackal closely misses you. The kobold hits you but does no damage.
The jackal bites you.
You barely miss the jackal.
The jackal is almost dead.
You slash the kobold!
You kill the kobold!
The jackal closely misses you. You block the jackal's attack.
You hit the jackal.
You kill the jackal!
No target in view!
No target in view!
No target in view!
Unknown command.
You now have 29 gold pieces (gained 13).
Things that are here:
a +0 short sword; 5 stones A goblin comes into view.
It is wielding a +0 dagger.
The goblin shouts!
A goblin is nearby!
A goblin is nearby!
A goblin is nearby!
A bat comes into view.
You hit the bat.
You kill the bat!
A quokka comes into view.
The goblin hits you with a +0 dagger.
You see here a bat corpse.
You barely miss the goblin. The goblin hits you but does no damage.
The goblin misses you.
You slash the goblin!
You kill the goblin!
You block the quokka's attack.
Things that are here:
a +0 dagger; a goblin corpse You barely miss the quokka.
The quokka bites you but does no damage.
The quokka bites you.
You slash the quokka!
You kill the quokka!
Your Fighting skill increases to level 4!
Your Armour skill increases to level 4!
You see here a quokka corpse.
Found 4 poisoned darts.
An endoplasm comes into view.
The endoplasm quivers.
You see here 14 gold pieces.
Unknown command.
An endoplasm is nearby!
An endoplasm is nearby!
The endoplasm hits you but does no damage.
You hit the endoplasm.
The endoplasm is moderately wounded.
The endoplasm hits you but does no damage.
You hit the endoplasm.
The endoplasm is severely wounded.
The endoplasm hits you but does no damage.
You hit the endoplasm.
You kill the endoplasm!
No target in view!
No target in view!
No target in view!
You now have 43 gold pieces (gained 14).
You see here 4 poisoned darts.
Found a faded altar of an unknown god.
h - a scroll labelled FUYNLA AROSCH A rat comes into view.
The rat closely misses you. You furiously retaliate!
You headbutt the rat!
You kill the rat!
No target in view!
No target in view!
No target in view!
No target in view!
No target in view!
No target in view!
No target in view!
No target in view!
No target in view!
No target in view!
No target in view!
Unknown command.
There is a faded altar of an unknown god here.
You see here Plato's Textbook on the Arsonist.
You cannot tell which god this altar belongs to.
Convert to them anyway? [Y]es or [N]o only, please.
You cannot tell which god this altar belongs to.
Convert to them anyway?
Xom accepts your prayer! Xom welcomes you!
Xom is fascinated!
Are you sure you want to abandon this character and quit the game? (Confirm with "yes".)

##.##.# #.#
##.###.# #.########
#.## #.# #.#.......
.#####.###....## ##
.........(...#.....
..
...####.#...#.#####
#P #..# #....#.#..
#. ..##
#.#.#P#.#####.# #
###
#.#.#.#.#P@.#.#.#.#
#
#.......^^........#
#
##................#
#.............####
###############


There were no monsters in sight!

Vanquished Creatures
  A dart slug (D:1)
  2 ball pythons (D:1)
  3 endoplasms (D:1)
  2 goblins (D:1)
  4 jackals (D:1)
  A quokka (D:1)
  2 bats (D:1)
  A frilled lizard (D:1)
  A kobold (D:1)
  A rat (D:1)
18 creatures vanquished.

Notes
Turn   | Place    | Note
-------+----------+-------------------------------------------
     0 | D:1      | Flugkiller the Minotaur Fighter began the quest for the
                  | Orb.
     0 | D:1      | Reached XP level 1. HP: 19/19 MP: 0/0
   302 | D:1      | Reached XP level 2. HP: 26/27 MP: 1/1
   671 | D:1      | Found a faded altar of an unknown god.
   684 | D:1      | Prayed at the altar of an unknown god.
   684 | D:1      | Became a worshipper of Xom of Many Doors
   685 | D:1      | Quit the game

Illustrated notes

Levels and vault maps discovered:
D:1:      shiori_arrival_elements, layout_loops_ring,
          shapermc_ecumenical_altar_rom_forum

Skill      XL: |  1  2 |
---------------+-------+-----
Axes           | 3 |  3.3
Fighting       | 4 |  4.0
Armour         | 4 |  4.0
Shields        | |  3.6

Action                   || total
-------------------------++-------
Melee: War axe           ||    35
       Headbutt          ||     2
Armor: Scale mail        ||    24
Dodge: Dodged            ||    23
Block: Buckler           ||     8
